 Dungeon Sprint DCSS version 0.17-a0-1575-g9a29ec8 (webtiles) character file.

286 nuthulu the Fighter (level 8, -8/90 HPs)
             Began as a Minotaur Berserker on July 26, 2015.
             Was a High Priest of Trog.
             Mangled by the 27-headed Lernaean hydra (12 damage)
             ... in the Dungeon (Sprint VI: "Thunderdome").
             The game lasted 00:03:48 (556 turns).

nuthulu the Fighter (Minotaur Berserker)             Turns: 556, Time: 00:03:48

Health: -8/90      AC:  9    Str: 26    XL:     8   Next: 10%
Magic:  7/7        EV:  9    Int:  9    God:    Trog [*****.]
Gold:   237        SH:  0    Dex: 12    Spells: 0 memorised, 7 levels left

rFire  + + .     SeeInvis .     a - +0 hand axe
rCold  x . .     Clarity  .     r - +0 chain mail
rNeg   . . .     SustAt   .     (no shield)
rPois  .         Gourm    .     (helmet restricted)
rElec  .         Spirit   .     (no cloak)
rCorr  .         Warding  .     (no gloves)
rMut   .         NoTele   +     (no boots)
MR     +....                    (no amulet)
Stlth  ..........               s - ring of Fedhas's Whim {+Blink rF+ Str+4 Int+2}
                                p - ring of Wouq {Fire MR+ Int+3 Stlth+}

@: very slightly contaminated, hasted, very quick, somewhat resistant to hostile
enchantments, extremely unstealthy
A: retaliatory headbutt, horns 2
a: Burn Spellbooks, Berserk, Trog's Hand, Brothers in Arms, Renounce Religion,
Evoke Blink


You were in the Dungeon.
You worshipped Trog.
Trog was extremely pleased with you.
You were not hungry.

You visited 1 branch You collected 600 gold pieces.
You spent 363 gold pieces at shops.

Inventory:

Hand weapons
 a - a +0 hand axe (weapon)
Missiles
 t - 4 silver javelins (quivered)
Armour
 b - a +0 animal skin
 q - a +0 leather armour
 r - a +0 chain mail (worn)
Jewellery
 p - the ring of Wouq (left hand) {Fire MR+ Int+3 Stlth+}
   (You bought it in a shop in the Dungeon)

   [ring of fire]

   It enhances your fire magic, and weakens your ice magic.
   It affects your intelligence (+3).
   It protects you from fire.
   It makes you vulnerable to cold.
   It affects your resistance to hostile enchantments.
   It makes you more stealthy.
 s - the ring of Fedhas's Whim (right hand) {+Blink rF+ Str+4 Int+2}
   (You bought it in a shop in the Dungeon)

   [ring of protection from fire]

   It affects your strength (+4).
   It affects your intelligence (+2).
   It protects you from fire.
   It lets you blink.
Magical devices
 j - a wand of cold (5)
 k - a wand of fire (5)
Scrolls
 i - 4 scrolls of blinking
 l - 3 scrolls of fog
Potions
 e - 3 potions of heal wounds
 f - 3 potions of haste
 g - 2 potions of magic
 h - a potion of berserk rage
 m - a potion of resistance
 n - 3 potions of might
Comestibles
 c - a bread ration


   Skills:
 + Level 14.6 Fighting
 + Level 14.6 Axes
 - Level 3.0 Armour
 - Level 2.5 Dodging


You had 7 spell levels left.
You didn't know any spells.

Dungeon Overview and Level Annotations

Branches:
Dungeon (1/1)

Altars:
Cheibriados
Dithmenos
Fedhas
Gozag
Kikubaaqudgha
Makhleb
Okawaru
Qazlal
Ru
Sif Muna
Trog
Vehumet
Xom
Yredelemnul
Zin
The Shining One
Jiyva
Lugonu

Shops:
D *[%??*?*:[((!!!!

Annotations:
D Lernaean hydra


Innate Abilities, Weirdness & Mutations

You reflexively headbutt those who attack you in melee.
You have a pair of horns on your head.


Message History

The swamp drake bites you.
Drink which item? (? for menu, Esc to quit)
Okay, then.
You feel less confused. The 27-headed Lernaean hydra bites you!
The 27-headed Lernaean hydra bites you.
The 27-headed Lernaean hydra bites you but does no damage.
The 27-headed Lernaean hydra barely misses you.
The 27-headed Lernaean hydra bites you! x2
The 27-headed Lernaean hydra bites you but does no damage.
The 27-headed Lernaean hydra bites you. x2
The 27-headed Lernaean hydra bites you but does no damage.
The 27-headed Lernaean hydra bites you!
* * * LOW HITPOINT WARNING * * *
The 27-headed Lernaean hydra bites you but does no damage. x2
The 27-headed Lernaean hydra bites you!
* * * LOW HITPOINT WARNING * * *
The 27-headed Lernaean hydra bites you!
* * * LOW HITPOINT WARNING * * *
The 27-headed Lernaean hydra bites you!
You die...

............###....[........##
.........###...###...[..))..⌠#
.........# #.<.# #........).⌠#
....)....###...###..........⌠#
............###........)....##
#∩........8.# #.8........∩###
##∩__...[...###......___∩##
######[8.......Dk8.######
#⌠........@..⌠#
###.........### #........_#
#_.)[...._# #........_#
#∩.......∩# ##∩.....∩##
##.....## ##⌠⌠⌠##


You could see the 27-headed Lernaean hydra and a swamp drake.

Vanquished Creatures
  A spiny frog (D)
  4 insubstantial wisps (D)
  2 giant frogs (D)
  5 orc priests (D)
  Jessica (D)
  An orc wizard (D)
  A worm (D)
  5 orcs (D)
  A bat (D)
  A giant cockroach (D)
  A hobgoblin (D)
23 creatures vanquished.

Notes
Turn   | Place    | Note
--------------------------------------------------------------
     0 | D        | nuthulu the Minotaur Berserker began the quest for the Orb.
     0 | D        | Reached XP level 1. HP: 19/19 MP: 0/0
     1 | D        | Found a corrupted altar of Lugonu.
     1 | D        | Found an iron altar of Okawaru.
     2 | D        | Found a bloodstained altar of Trog.
     3 | D        | Found a glowing silver altar of Zin.
     3 | D        | Found a blossoming altar of Fedhas.
     4 | D        | Found Xywu's Distillery.
     4 | D        | Found a sacrificial altar of Ru.
     4 | D        | Found a radiant altar of Vehumet.
     4 | D        | Found Keackouk's Do-It-Yourself Clinic.
     5 | D        | Found Eboxy's Distillery.
     5 | D        | Found Penimuaf's Bottled Wisdom.
     5 | D        | Round 1.
    12 | D        | Bought 6 potions of might for 168 gold pieces
    22 | D        | Found a deep blue altar of Sif Muna.
    46 | D        | Found an ancient bone altar of Kikubaaqudgha.
    47 | D        | Found a stormy altar of Qazlal.
    48 | D        | Found an opulent altar of Gozag.
    48 | D        | Found Wazoge's Weapon Rack.
    48 | D        | Found Zymias's Premium Goods.
    49 | D        | Found Dulal's Basic Armour.
    49 | D        | Found Fuiril's Miscellaneous Merchandise.
    57 | D        | Acquired Trog's second power
    57 | D        | Reached skill level 4 in Axes
    61 | D        | Found a viscous altar of Jiyva.
    62 | D        | Found a basalt altar of Yredelemnul.
    63 | D        | Found Curaoheu's Identification Station.
    64 | D        | Found Taazxom's Advanced Armour.
    64 | D        | Found Idei's Jewellery.
    64 | D        | Found a shimmering altar of Xom.
    64 | D        | Found a snail-covered altar of Cheibriados.
    64 | D        | Found Niameim's Bee Food.
    71 | D        | Noticed Jessica
    74 | D        | Found a burning altar of Makhleb.
    82 | D        | Killed Jessica
    82 | D        | Reached skill level 6 in Fighting
    82 | D        | Reached XP level 2. HP: 25/30 MP: 1/1
    82 | D        | Reached XP level 3. HP: 30/37 MP: 2/2
    93 | D        | Found a shadowy altar of Dithmenos.
    94 | D        | Found a glowing golden altar of the Shining One.
    95 | D        | Found Ocelea's Magic Scroll Shop.
    95 | D        | Found Muabul's Staff Store.
    96 | D        | Found Sovyr's Magic Scroll Shop.
    96 | D        | Found Yqo Ned's Must-Have Magic.
   132 | D        | Arena points: 12 (+12) [x2]
   141 | D        | Bought a faintly glowing wooden ring for 45 gold pieces
   141 | D        | Identified the ring of Wouq {Fire MR+ Int+3 Stlth+} (You bought it in a shop in the Dungeon)
   163 | D        | Round 2.
   196 | D        | Acquired Trog's third power
   222 | D        | Reached skill level 7 in Fighting
   222 | D        | Reached XP level 4. HP: 42/47 MP: 3/3
   225 | D        | Arena points: 54 (+42) [x3]
   248 | D        | Bought a translucent jade ring for 45 gold pieces
   248 | D        | Identified the ring of Fedhas's Whim {+Blink rF+ Str+4 Int+2} (You bought it in a shop in the Dungeon)
   294 | D        | Round 3.
   306 | D        | Reached skill level 8 in Fighting
   307 | D        | Reached skill level 9 in Fighting
   307 | D        | Reached XP level 5. HP: 15/57 MP: 4/4
   316 | D        | Reached skill level 10 in Axes
   340 | D        | Reached skill level 10 in Fighting
   350 | D        | Arena points: 126 (+72) [x4]
   358 | D        | Bought 3 potions of heal wounds for 105 gold pieces
   365 | D        | Round 4.
   370 | D        | Noticed an insubstantial wisp
   378 | D        | Received a gift from Trog
   378 | D        | Reached skill level 11 in Axes
   378 | D        | Reached XP level 6. HP: 28/67 MP: 5/5
   386 | D        | Noticed an insubstantial wisp
   392 | D        | Noticed an insubstantial wisp
   394 | D        | Noticed an insubstantial wisp
   395 | D        | Noticed a spiny frog
   408 | D        | Killed a spiny frog
   408 | D        | Reached skill level 13 in Fighting
   408 | D        | Reached XP level 7. HP: 61/79 MP: 6/6
   410 | D        | Killed an insubstantial wisp
   411 | D        | Killed an insubstantial wisp
   411 | D        | Reached skill level 14 in Fighting
   413 | D        | Killed an insubstantial wisp
   425 | D        | Killed an insubstantial wisp
   425 | D        | Arena points: 286 (+160) [x5]
   425 | D        | Reached XP level 8. HP: 40/90 MP: 7/7
   441 | D        | Round 5.
   544 | D        | Noticed the 27-headed Lernaean hydra
   556 | D        | HP: 4/90 [the 27-headed Lernaean hydra (10)]
   556 | D        | Mangled by the 27-headed Lernaean hydra

Vault maps used:
D:        arena_sprint

Action                   |  1- 3 |  4- 6 |  7- 9 || total
-------------------------+-------+-------+-------++-------
Melee: Hand axe          |    34 |    34 |     6 ||    74
Invok: Berserk           |       |     1 |       ||     1
  Use: Potion            |     2 |     6 |     1 ||     9
